 Dungeon Crawl Stone Soup version 0.31-a0-845-g9abc20d24f (webtiles) character file.

Game seed: 17205295993703773894

728 pokeman the Magician (level 7, -1/39 HPs)
             Began as a Deep Elf Hedge Wizard on Oct 3, 2023.
             Succumbed to a water moccasin's poison
             ... on level 6 of the Dungeon.
             The game lasted 00:08:13 (4725 turns).

pokeman the Magician (Deep Elf Hedge Wizard)        Turns: 4725, Time: 00:08:13

Health: -1/39      AC:  4    Str:  7    XL:     7   Next: 44%
Magic:  4/19       EV: 17    Int: 21    God:
Gold:   218        SH:  0    Dex: 14    Spells: 12/20 levels left

rFire   . . .        m - +1 scythe (venom)
rCold   . . .        (shield currently unavailable)
rNeg    . . .        s - +1 leather armour of the Hanged Man {Stlth+}
rPois   .            c - +0 hat
rElec   .            (no cloak)
rCorr   .            (no gloves)
SInv    .            (no boots)
Will    .....        (no amulet)
Stlth   +++          i - +5 ring of evasion
HPRegen 0.26/turn    (no ring)
MPRegen 0.16/turn

%: no passive effects
@: lethally poisoned (-1 -> -31)
A: no striking features
a: no special abilities


You were on level 6 of the Dungeon.
You visited 1 branch of the dungeon, and saw 6 of its levels.

You collected 218 gold pieces.

Inventory:

Hand Weapons
 h - a +1 short sword of electrocution
 m - a +1 scythe of venom (weapon)
Missiles
 k - a throwing net
Armour
 c - a +0 hat (worn)
 s - the +1 leather armour of the Hanged Man (worn) {Stlth+}
   (You found it on level 5 of the Dungeon)

   Stlth+:    It makes you more stealthy.
Jewellery
 i - a +5 ring of evasion (left hand)
Wands
 t - a wand of digging (6)
Scrolls
 a - 3 scrolls of immolation {unknown}
 e - a scroll of silence {unknown}
 f - 3 scrolls of teleportation {unknown}
 g - 6 scrolls of identify {unknown}
 n - a scroll of noise {unknown}
 o - a scroll of poison {unknown}
 q - a scroll of fear {unknown}
 u - a scroll of blinking {unknown}
Potions
 d - 2 potions of magic
 j - a potion of might {unknown}
 l - a potion of degeneration {unknown}
 p - 2 potions of curing {unknown}
 r - a potion of ambrosia {unknown}


   Skills:
 + Level 1.8 Fighting
 - Level 1.0 Armour
 - Level 3.0 Dodging
 - Level 3.0 Stealth
 * Level 7.4 Spellcasting
 + Level 5.8 Conjurations
 - Level 1.1 Summonings
 - Level 1.1 Translocations
 - Level 1.0 Air Magic
 - Level 1.1 Poison Magic
 + Level 1.2 Evocations


You had 12 spell levels left.
You knew the following spells:

 Your Spells              Type           Power      Damage    Failure   Level
a - Magic Dart            Conj           100%       1d8       1%          1
b - Mephitic Cloud        Conj/Pois/Air  18%        N/A       12%         3
c - Call Imp              Summ           24%        N/A       12%         2
d - Blink                 Tloc           24%        N/A       12%         2

Your spell library contained the following spells:

 Spells                   Type           Power      Damage    Failure   Level
 Apportation              Tloc           24%        N/A       8%          1
 Slow                     Hex            28%        N/A       12%         1
 Cigotuvi's Dreadful Rot  Necr/Pois/Air  20%        N/A       14%         2
 Jinxbite                 Hex            14%        N/A       19%         2
 Alistair's Intoxication  Tmut/Pois      6%         N/A       95%         5


Dungeon Overview and Level Annotations

Branches:
Dungeon (6/15)             Temple (0/1) D:6

Altars:
Cheibriados
Makhleb
Nemelex Xobeh
Okawaru


Message History

Confirm with . or Enter, or press ? or * to list all spells.
Aiming: Magic Dart (safe; 1% risk of failure)
Press: ? - help, Shift-Dir - straight line, f/p - water moccasin
Aim: a water moccasin (moderately wounded, 100% to hit)
The magic dart hits the water moccasin.
The water moccasin is moderately wounded.
You feel sick.
Unknown command.
Casting: Magic Dart (safe; 1% risk of failure)
Confirm with . or Enter, or press ? or * to list all spells.
A tiny devil pulls itself out of the air.
You feel sick.
The water moccasin closely misses you. x2
Unknown command.
Casting: Call Imp (safe; 12% risk of failure)
Confirm with . or Enter, or press ? or * to list all spells.
Aiming: Magic Dart (safe; 1% risk of failure)
Press: ? - help, Shift-Dir - straight line, f/p - water moccasin
Aim: a water moccasin (moderately wounded, ally target, 100% to hit)
The magic dart hits the water moccasin.
The water moccasin is heavily wounded.
You feel sick. The water moccasin bites you.
You are lethally poisoned!
The water moccasin poisons you!
Your cerulean imp hits the water moccasin from afar with a -3 spear.
Casting: Magic Dart (safe; 1% risk of failure)
Confirm with . or Enter, or press ? or * to list all spells.
Aiming: Magic Dart (safe; 1% risk of failure)
Press: ? - help, Shift-Dir - straight line, f/p - water moccasin
Aim: a water moccasin (heavily wounded, ally target, 100% to hit)
The magic dart hits the water moccasin.
The water moccasin is heavily wounded.
* * * LOW HITPOINT WARNING * * *
You feel very sick. The water moccasin bites you.
* * * LOW HITPOINT WARNING * * *
You are more poisoned.
The water moccasin poisons you!
Your cerulean imp hits the water moccasin from afar with a -3 spear.
It was a potion of cancellation.
You feel magically purged.
You die...

~♣≈~ P~... ...
P~~~♣PPP~####...
PPP~~♣~~.P~.....
..P~P♣~~~P~~.#
#.P..P~♣~~~P#.#
#....P.PPP~~#.#
#....5.~P~~P#.#
#.@.PP~~#.#
####S....#.#?#
#.oh###..#†#.#### #.gg#
####.#....#
#.####..)#### #.....#
#...........# #.....#
#...⌠..>..⌠..##)))..#
.)#..........##)#######
#..###.$.###+##........
#


You could see a water moccasin (ally target), a hound, 2 gnolls, an orc and a
friendly cerulean imp (summoned).

Vanquished Creatures
  Sigmund (D:2)
  A black bear (D:5)
  A scorpion (D:6)
  A howler monkey (D:5)
  4 hounds (D:5)
  A sleepcap (D:5)
  An iguana (D:4)
  2 orc wizards
  2 gnolls
  5 adders
  3 worms
  2 dart slugs
  7 orcs
  4 endoplasms
  8 goblins
  11 hobgoblins
  8 jackals
  4 kobolds
  3 quokkas
  9 ball pythons
  7 bats
  5 frilled lizards
  10 rats
100 creatures vanquished.

Notes
Turn   | Place    | Note
-------+----------+-------------------------------------------
     0 | D:1      | pokeman the Deep Elf Hedge Wizard began the quest for the
                  | Orb.
     0 | D:1      | Reached XP level 1. HP: 10/10 MP: 7/7
   227 | D:1      | Reached XP level 2. HP: 4/16 MP: 0/9
   681 | D:1      | Reached skill level 5 in Spellcasting
   869 | D:1      | Found a faded altar of an unknown god.
   876 | D:1      | Reached XP level 3. HP: 20/20 MP: 6/11
   880 | D:1      | Learned a level 3 spell: Mephitic Cloud
   883 | D:1      | Learned a level 2 spell: Call Imp
   886 | D:1      | Learned a level 2 spell: Blink
  1249 | D:2      | Reached skill level 1 in Fighting
  1511 | D:2      | Reached skill level 1 in Armour
  2077 | D:2      | Noticed Sigmund
  2086 | D:2      | Killed Sigmund
  2087 | D:2      | Reached skill level 5 in Conjurations
  2087 | D:2      | Reached XP level 4. HP: 25/25 MP: 9/13
  2087 | D:2      | Reached XP level 5. HP: 29/29 MP: 9/14
  2751 | D:3      | Reached XP level 6. HP: 34/34 MP: 12/16
  3175 | D:4      | Found an iron altar of Okawaru.
  3479 | D:4      | Found a snail-covered altar of Cheibriados.
  3576 | D:4      | Reached skill level 6 in Spellcasting
  3846 | D:5      | Entered Level 5 of the Dungeon
  3857 | D:5      | Identified the +1 leather armour of the Hanged Man {Stlth+}
  3981 | D:5      | Reached skill level 1 in Air Magic
  3981 | D:5      | Reached skill level 1 in Poison Magic
  4109 | D:5      | Reached XP level 7. HP: 35/38 MP: 5/19
  4328 | D:5      | Reached skill level 7 in Spellcasting
  4393 | D:5      | Found a sparkling altar of Nemelex Xobeh.
  4405 | D:5      | Found a burning altar of Makhleb.
  4706 | D:6      | Found a staircase to the Ecumenical Temple.
  4716 | D:6      | Reached skill level 1 in Evocations
  4725 | D:6      | Succumbed to a water moccasin's poison

Illustrated notes

Levels and vault maps discovered:
D:1:      amcnicky_arrival_flooded_fountain, layout_rooms,
          nicolae_ecumenical_snake_handling
D:2:      minmay_evil_eye, layout_basic, uniq_sigmund
D:3:      layout_rooms
D:4:      kennysheep_big_flooded_room, layout_rooms,
          kennysheep_okawaru_gauntlet, chei_slow_surprise
D:5:      layout_cave_pools, mainiacjoe_overflow_big_doors, nrook_loot_triangle
D:6:      layout_basic, mainiacjoe_overflow_24_doors,
          mainiacjoe_overflow_alcove_4, minmay_temple_entry_junction,
          serial_bayou, serial_bayou_shore_a, serial_bayou_shore_b,
          serial_bayou_pond_c, serial_bayou_crossing, serial_bayou_lagoon_a,
          serial_bayou_shore_b, gup_sewer_entry_pipe

Skill      XL: |  1  2  3  4  5  6  7 |
---------------+----------------------+-----
Spellcasting   | 5 6 7 |  7.4
Fighting       | 1 |  1.8
Armour         | 1 |  1.0
Conjurations   | 5 |  5.8
Dodging        | 3 |  3.0
Stealth        | 3 |  3.0
Air Magic      | 1 |  1.0
Poison Magic   | 1 |  1.1
Evocations     | 1 |  1.2
Summonings     | |  1.1
Translocations | |  1.1

Action                     |  1- 3 |  4- 6 |  7- 9 || total
---------------------------+-------+-------+-------++-------
  Melee: Dagger            |    21 |       |       ||    21
         Short sword       |     7 |       |       ||     7
         Halberd           |       |    49 |    10 ||    59
   Cast: Magic Dart        |   124 |    78 |    29 ||   231
         Mephitic Cloud    |     2 |     8 |     2 ||    12
         Call Imp          |       |     2 |     2 ||     4
         Blink             |       |     2 |       ||     2
    Use: Potion            |       |       |     1 ||     1
   Stab: Confused          |     1 |     2 |       ||     3
         Sleeping          |       |       |     1 ||     1
 Armour: Robe              |    21 |    17 |       ||    38
         Leather armour    |       |    16 |    13 ||    29
  Dodge: Dodged            |    33 |    55 |    30 ||   118

Table legend: (Time is in decaauts)
 A = Elapsed time spent in this place.
 B = Non-inter-level travel time spent in this place.
 C = Inter-level travel time spent in this place.
 D = Time resting spent in this place.
 E = Time spent auto-exploring this place.
 F = Levels seen in this place.
 G = Mean time per level.
                   A        B        C        D        E       F      G
               +--------+--------+--------+--------+--------+-----+--------+
         Total |   4752 |   4659 |     93 |      0 |   3995 |   6 |  792.0 |
       Dungeon |   4752 |   4659 |     93 |      0 |   3995 |   6 |  792.0 |
               +--------+--------+--------+--------+--------+-----+--------+

Top non-repeatable levels by time:
     D:2: 1403 daAuts
     D:1: 1124 daAuts
     D:5: 824 daAuts
     D:4: 704 daAuts
     D:3: 627 daAuts
     D:6: 66 daAuts
